 Dungeon Crawl Stone Soup version 0.25-a0-263-g9d16a9d099 (webtiles) character file.

Game seed: 6595977736681017971, levelgen mode: deterministic

21 Essalna the Chopper (level 2, -1/27 HPs)
             Began as a Minotaur Berserker on Dec 7, 2019.
             Was a Follower of Trog.
             Slain by a worm (9 damage)
             ... on level 2 of the Dungeon.
             The game lasted 00:00:56 (511 turns).

Essalna the Chopper (Minotaur Berserker)             Turns: 511, Time: 00:00:56

Health: -1/27      AC:  2    Str: 21    XL:     2   Next: 65%
Magic:  1/1        EV: 12    Int:  4    God:    Trog [*.....]
Gold:   51         SH:  0    Dex:  9    Spells: 1/1 levels left

rFire    . . .     SeeInvis .   a - +0 hand axe
rCold    . . .     Gourm    .   (no shield)
rNeg     . . .     Faith    .   b - +0 animal skin
rPois    .         Spirit   .   (helmet restricted)
rElec    .         Reflect  .   (no cloak)
rCorr    .         Harm     .   (no gloves)
MR       +....                  (no boots)
Stlth    +.........             (no amulet)
HPRegen  0.09/turn              d - ring of protection from magic
MPRegen  0.07/turn              (no ring)

@: no status effects
A: retaliatory headbutt, horns 2
a: Berserk, Renounce Religion


You were on level 2 of the Dungeon.
You worshipped Trog.
Trog was aware of your devotion.
You were not hungry.

You visited 1 branch of the dungeon, and saw 2 of its levels.

You collected 51 gold pieces.

Inventory:

Hand Weapons
 a - a +0 hand axe (weapon)
Missiles
 i - a throwing net (quivered)
Armour
 b - a +0 animal skin (worn)
Jewellery
 d - a ring of protection from magic (left hand)
Scrolls
 e - a scroll of random uselessness {unknown}
 f - a scroll of fear {unknown}
 l - a scroll of remove curse {unknown}
Potions
 g - a potion of lignification {unknown}
 h - a potion of invisibility {unknown}
 j - a potion of brilliance {unknown}
 k - a potion of resistance {unknown}
Comestibles
 c - 3 rations


   Skills:
 + Level 4.1 Fighting
 + Level 4.1 Axes
 + Level 3.0 Armour
 - Level 2.1 Dodging


You had one spell level left.
You didn't know any spells.
Your spell library was empty.

Dungeon Overview and Level Annotations

Branches:
Dungeon (2/15)

Altars:


Innate Abilities, Weirdness & Mutations

You reflexively headbutt those who attack you in melee.
You have a pair of horns on your head.


Message History

The bat hits you but does no damage. The goblin barely misses you.
The goblin hits you.
* * * LOW HITPOINT WARNING * * *
The bat misses you. The bat closely misses you.
There is a stone staircase leading up here.
You barely miss the bat. The bat hits you but does no damage.
The goblin closely misses you.
You hit the goblin.
You kill the goblin!
Trog accepts your kill. The bat barely misses you. You furiously retaliate!
You headbutt the bat!
You kill the bat!
Trog accepts your kill.
Things that are here:
a scroll labeled DIYTIJ YRAITH; a goblin corpse You slash the worm!
The worm is heavily wounded.
The worm bites you!
You die...

##.# #>.## ....
#..# .. #..#
...######.?#######
...........†......
..?........#
.###...w@<.#
#.####### #


You could see a worm.

Vanquished Creatures
  An ooze (D:2)
  A leopard gecko (D:1)
  A ball python (D:2)
  3 bats
  A giant cockroach (D:2)
  A goblin (D:2)
  A hobgoblin (D:1)
  3 jackals (D:2)
  A rat (D:1)
13 creatures vanquished.

Notes
Turn   | Place    | Note
-------+----------+-------------------------------------------
     0 | D:1      | Essalna the Minotaur Berserker began the quest for the Orb.
     0 | D:1      | Reached XP level 1. HP: 19/19 MP: 0/0
   495 | D:2      | Reached XP level 2. HP: 27/27 MP: 1/1
   511 | D:2      | Slain by a worm

Levels and vault maps discovered:
D:1:      eino_arrival_tree_alley, layout_basic, minmay_misc_feat_cross
D:2:      layout_loops_ring

Skill      XL: |  1  2 |
---------------+-------+-----
Fighting       | 4 |  4.1
Axes           | 4 |  4.1
Armour         | 3 |  3.0
Dodging        | |  2.1

Action                   || total
-------------------------++-------
Melee: Hand axe          ||    19
       Headbutt          ||     3
Armor: Animal skin       ||     7
Dodge: Dodged            ||    19

Table legend:
 A = Non-vault XP
 B = Vault XP
 C = Vault XP percentage of total XP
 D = Non-vault monster count
 E = Vault monster count
 F = Vault count percentage of total count
                 A         B        C        D         E       F
            +---------+---------+-------+---------+---------+-------
      Total |      31 |       0 |   0.0 |      13 |       0 |   0.0
            +---------+---------+-------+---------+---------+-------
        D:1 |      10 |       0 |   0.0 |       5 |       0 |   0.0
        D:2 |      21 |       0 |   0.0 |       8 |       0 |   0.0
            +---------+---------+-------+---------+---------+-------
